 Dungeon Crawl Stone Soup version 0.31-a0-1074-g0b22e4e0f1 (console) character file.

Game seed: 5106929258005576877

58244 jejorda2 the Cleaver (level 14, -5/114 HPs)
             Began as a Gnoll Berserker on Nov 28, 2023.
             Was a High Priest of Trog.
             Slain by an enormous slime creature (78 damage)
             ... on level 13 of the Dungeon.
             The game lasted 00:50:25 (20237 turns).

jejorda2 the Cleaver (Gnoll Berserker)             Turns: 20237, Time: 00:50:26

Health: -5/114     AC: 17    Str: 22    XL:     14   Next: 89%
Magic:  27/27      EV: 18    Int:  9    God:    Trog [*****.]
Gold:   822        SH:  0    Dex: 14    Spells: 32/32 levels left

rFire   + . .        a - +3 war axe of Bicy {spect, rElec}
rCold   + + .        (no shield)
rNeg    . . .        H - +1 chain mail {rPois}
rPois   +            (helmet restricted)
rElec   +            E - scarf {rC+ rF+}
rCorr   .            c - +2 pair of gloves
SInv    +            m - +0 pair of boots
Will    +....        y - amulet of faith
Stlth   +++          z - +5 ring of evasion
HPRegen 0.39/turn    J - ring of Lyinaq {rC+ Int+3}
MPRegen 0.20/turn

%: faith
@: no status effects
A: fangs 1, strong nose, distributed training, horns 1, thin skeletal structure
1, see invisible, electricity resistance
a: Renounce Religion, Berserk, Trog's Hand, Brothers in Arms


You were on level 13 of the Dungeon.
You worshipped Trog.
Trog was extremely pleased with you.
You visited 2 branches of the dungeon, and saw 18 of its levels.
You also visited: Ice Cave.

You collected 1656 gold pieces.
You spent 834 gold pieces at shops.

Inventory:

Hand Weapons
 a - the +3 war axe of Bicy (weapon) {spect, rElec}
   (You found it on level 5 of the Lair of Beasts)

   rElec:     It insulates you from electricity.
 b - a +4 dire flail
 t - a +3 battleaxe
Missiles
 d - 50 poisoned darts (quivered)
 j - 13 javelins
 o - 16 boomerangs
 q - 2 throwing nets
 r - 11 curare-tipped darts
Armour
 c - a +2 pair of gloves (worn)
 m - a +0 pair of boots (worn)
 E - a scarf of resistance (worn)
 H - a +1 chain mail of poison resistance (worn)
Jewellery
 y - an amulet of faith (around neck)
 z - a +5 ring of evasion (left hand)
 C - a ring of positive energy
 G - a ring of fire
 J - the ring of Lyinaq (right hand) {rC+ Int+3}
   (You found it in an ice cave)

   [ring of protection from cold]

   Int+3:     It affects your intelligence (+3).
   rC+:       It protects you from cold.
Wands
 f - a wand of iceblast (16)
 s - a wand of paralysis (23)
 w - a wand of flame (38)
 A - a wand of polymorph (5)
 I - a wand of digging (12)
Scrolls
 i - 7 scrolls of teleportation
 k - 2 scrolls of revelation
 l - 3 scrolls of fog
 x - a scroll of poison
Potions
 e - 3 potions of might
 g - 4 potions of haste
 h - 5 potions of lignification
 p - a potion of attraction
 u - 4 potions of curing
 v - 3 potions of heal wounds
 B - 2 potions of enlightenment
 D - a potion of cancellation
 F - 4 potions of mutation
 L - a potion of ambrosia
Miscellaneous
 n - a lightning rod (4/4)


   Skills:
 + Level 11.7 Fighting
 + Level 9.8 Short Blades
 + Level 9.8 Long Blades
 + Level 11.7 Axes
 + Level 9.8 Maces & Flails
 + Level 9.8 Polearms
 + Level 9.8 Staves
 + Level 9.8 Ranged Weapons
 + Level 9.8 Throwing
 + Level 10.8 Armour
 + Level 10.8 Dodging
 + Level 9.8 Stealth
 + Level 9.8 Shields
 + Level 9.8 Unarmed Combat
 + Level 9.8 Spellcasting
 + Level 8.2 Conjurations
 + Level 8.2 Hexes
 + Level 8.2 Summonings
 + Level 8.2 Necromancy
 + Level 8.2 Translocations
 + Level 8.2 Transmutations
 + Level 8.2 Fire Magic
 + Level 8.2 Ice Magic
 + Level 8.2 Air Magic
 + Level 8.2 Earth Magic
 + Level 8.2 Poison Magic
 + Level 10.6 Invocations
 + Level 9.8 Evocations
 + Level 9.0 Shapeshifting


You had 32 spell levels left.
You didn't know any spells.
Your spell library was empty.

Dungeon Overview and Level Annotations

Branches:
Dungeon (13/15)            Temple (0/1) D:6            Lair (5/5) D:9
  Swamp (0/4) Lair:2        Snake (0/4) Lair:2        Slime (0/5) Lair:5
    Orc (0/2) D:10          IceCv (visited)
 Vaults: D:13-14

Altars:
Fedhas
Hepliaklqana
Kikubaaqudgha
Qazlal
Ru
Sif Muna
Vehumet
Jiyva

Shops:
D:2 *   D:3 ((   D:4 *   D:8 [


Innate Abilities, Weirdness & Mutations

You have very sharp teeth.
Your uncanny sense of smell can sniff out nearby items.
Your experience applies equally to all skills.
You have a pair of small horns on your head.
You have a somewhat thin skeletal structure. (Dex +2, Stealth+)
You have supernaturally acute eyesight. (SInv)
You are resistant to electric shocks. (rElec)


Message History

The large slime creature completely misses you.
You hit the large slime creature.
The large slime creature is heavily wounded.
Your +3 war axe of Bicy {spect, rElec} barely misses the large slime creature.
A slime creature comes into view.
The large slime creature barely misses you.
You hit the large slime creature.
The large slime creature is heavily wounded.
Your +3 war axe of Bicy {spect, rElec} hits the large slime creature!
The large slime creature hits you!!
You slice the large slime creature!!
The large slime creature is severely wounded.
Your +3 war axe of Bicy {spect, rElec} hits the large slime creature but does no damage.
The large slime creature hits you!
You slash the large slime creature!
The large slime creature is severely wounded.
Your +3 war axe of Bicy {spect, rElec} hits the large slime creature!
The large slime creature hits your +3 war axe of Bicy {spect, rElec}!
Your spectral weapon shares its damage with you!
Two slime creatures merge to form an enormous slime creature.
You barely miss the enormous slime creature.
The enormous slime creature is heavily wounded.
Your +3 war axe of Bicy {spect, rElec} hits the enormous slime creature!
You hit the enormous slime creature but do no damage.
Your headbutt misses the enormous slime creature.
Your bite misses the enormous slime creature.
The enormous slime creature is heavily wounded.
Your +3 war axe of Bicy {spect, rElec} barely misses the enormous slime creature.
Unknown command.
You slash the enormous slime creature!
You headbutt the enormous slime creature.
The enormous slime creature is heavily wounded.
Your +3 war axe of Bicy {spect, rElec} hits the enormous slime creature!
You slash the enormous slime creature!
You headbutt the enormous slime creature.
The enormous slime creature is severely wounded.
Your +3 war axe of Bicy {spect, rElec} hits the enormous slime creature.
The enormous slime creature hits you!!!!
Ouch! That really hurt!
You die...

#. ##. .. ####
#.# ### #... ..
... ....## #.
#.# ##
.#####J###..#
### ......(@...#
#.. .#######.###
#.# #.!# #.#
##.# #.# ∆
#.############..
#.......^...##..
#####..........#
#.......#..#
#...........


You could see an enormous slime creature and a friendly +3 war axe of Bicy
{spect, rElec}.

Vanquished Creatures
  An azure jelly (IceCv)
  Fannar (Lair:3)
  A centaur warrior (D:13)
  2 hydras (Lair:5)
  4 boulder beetles
  2 death yaks (Lair:5)
  2 two-headed ogres
  Urug (Lair:3)
  A goliath frog (Lair:2)
  2 deep elf pyromancers (D:8)
  A manticore (D:12)
  A cyclops (D:13)
  3 elephants (Lair:5)
  2 ice statues (IceCv)
  A torpor snail (Lair:5)
  4 black mambas
  10 cane toads
  6 gargoyles
  Psyche (D:9)
  2 unseen horrors (D:11)
  2 rime drakes (Lair:1)
  3 kobold demonologists
  7 komodo dragons
  7 polar bears
  4 trolls
  6 hornets (Lair:5)
  14 blink frogs
  2 dream sheep (Lair:5)
  20 slime creatures
  51 yaks
  13 spriggans (Lair:5)
  6 basilisks
  4 wraiths (D:11)
  3 vampires
  A wyvern (D:8)
  Grum (Lair:1)
  3 steam dragons
  6 vampire mosquitoes (D:12)
  2 acid dragons
  3 nagas (Lair:2)
  2 great orb of eyes simulacra (IceCv)
  17 water moccasins
  10 orc warriors
  An ice beast (D:5)
  A swamp drake (Lair:2)
  5 black bears
  4 ogres
  A sky beast (D:7)
  4 boggarts (Lair:5)
  6 centaurs
  26 wolves
  2 slime creature simulacra (IceCv)
  7 kobold brigands
  A phantom (D:7)
  11 bullfrogs
  3 gnoll sergeants
  A scorpion (D:5)
  6 glowing shapeshifter simulacra (IceCv)
  13 wights
  An electric eel (Lair:4)
  7 howler monkeys
  5 jellies
  5 hounds
  9 orc priests
  A sleepcap (D:6)
  An iguana (D:4)
  5 orc wizards
  4 shapeshifter simulacra (IceCv)
  Robin (D:3)
  7 adders
  25 gnolls
  2 shadow imps (D:9)
  15 white imps
  4 ufetubi
  5 worms
  4 dart slugs
  48 orcs
  4 ball pythons
  5 bats
  15 endoplasms
  3 giant cockroaches
  15 goblins
  17 hobgoblins
  6 jackals
  42 kobolds
  4 quokkas
  4 frilled lizards
  12 kobold skeletons (D:9)
  6 kobold zombies (D:9)
  6 rats
615 creatures vanquished.

Vanquished Creatures (collateral kills)
  An azure jelly (IceCv)
  2 slime creatures (IceCv)
3 creatures vanquished.

Vanquished Creatures (others)
  A bullfrog (D:8)
1 creature vanquished.

Grand Total: 619 creatures vanquished

Notes
Turn   | Place    | Note
-------+----------+-------------------------------------------
     0 | D:1      | jejorda2 the Gnoll Berserker began the quest for the Orb.
     0 | D:1      | Reached XP level 1. HP: 23/23 MP: 1/1
    92 | D:1      | Reached XP level 2. HP: 26/29 MP: 2/2
   768 | D:2      | Reached XP level 3. HP: 35/35 MP: 3/3
   777 | D:2      | Reached skill level 1 in Invocations
   916 | D:2      | Reached ** piety under Trog
   917 | D:2      | Reached skill level 1 in Short Blades
   917 | D:2      | Reached skill level 1 in Long Blades
   917 | D:2      | Reached skill level 1 in Maces & Flails
   917 | D:2      | Reached skill level 1 in Polearms
   917 | D:2      | Reached skill level 1 in Staves
   917 | D:2      | Reached skill level 1 in Ranged Weapons
   917 | D:2      | Reached skill level 1 in Throwing
   917 | D:2      | Reached skill level 1 in Stealth
   917 | D:2      | Reached skill level 1 in Shields
   917 | D:2      | Reached skill level 1 in Unarmed Combat
   917 | D:2      | Reached skill level 1 in Spellcasting
   917 | D:2      | Reached skill level 1 in Evocations
   965 | D:2      | Reached XP level 4. HP: 41/41 MP: 5/5
   969 | D:2      | Reached skill level 1 in Shapeshifting
  1149 | D:2      | Found Buisen's General Store.
  1168 | D:2      | Bought a scroll of teleportation for 36 gold pieces
  1582 | D:3      | Reached skill level 1 in Conjurations
  1582 | D:3      | Reached skill level 1 in Hexes
  1582 | D:3      | Reached skill level 1 in Summonings
  1582 | D:3      | Reached skill level 1 in Necromancy
  1582 | D:3      | Reached skill level 1 in Translocations
  1582 | D:3      | Reached skill level 1 in Transmutations
  1582 | D:3      | Reached skill level 1 in Fire Magic
  1582 | D:3      | Reached skill level 1 in Ice Magic
  1582 | D:3      | Reached skill level 1 in Air Magic
  1582 | D:3      | Reached skill level 1 in Earth Magic
  1582 | D:3      | Reached skill level 1 in Poison Magic
  1661 | D:3      | Noticed Robin
  1678 | D:3      | Killed Robin
  1678 | D:3      | Reached *** piety under Trog
  1679 | D:3      | Reached XP level 5. HP: 40/47 MP: 5/7
  1793 | D:3      | Found Karin's Antique Weapon Boutique.
  1805 | D:3      | Found Ceniobbud's Antique Weapon Shoppe.
  2415 | D:4      | Reached XP level 6. HP: 47/53 MP: 8/8
  2462 | D:4      | Reached skill level 5 in Armour
  2462 | D:4      | Reached skill level 5 in Dodging
  2733 | D:4      | Reached XP level 7. HP: 59/59 MP: 10/10
  2814 | D:4      | Found a stormy altar of Qazlal.
  2814 | D:4      | Noticed an air elemental
  2817 | D:4      | Noticed a water elemental
  2817 | D:4      | Noticed a fire elemental
  2971 | D:4      | Found a sacrificial altar of Ru.
  3074 | D:4      | Reached **** piety under Trog
  3148 | D:4      | Found Uwed Kie's General Store.
  3151 | D:4      | Bought a scroll of identify for 28 gold pieces
  3151 | D:4      | Bought a potion of curing for 42 gold pieces
  3289 | D:5      | Entered Level 5 of the Dungeon
  3497 | D:5      | Reached XP level 8. HP: 67/67 MP: 12/12
  4402 | D:6      | Found a staircase to the Ecumenical Temple.
  4430 | D:6      | Found a blossoming altar of Fedhas.
  4815 | D:6      | Identified the scarf of Zuqo Qeu {shadows, rF+ Int+3 Dex+3
                  | SInv}
  4876 | D:6      | Found a shimmering blue altar of Sif Muna.
  4951 | D:7      | Reached XP level 9. HP: 73/73 MP: 14/14
  5312 | D:7      | You fall into a shaft and drop 2 floors!
  5334 | D:9      | Noticed a troll
  5342 | D:9      | Killed a troll
  5429 | D:9      | Found a staircase to the Lair.
  5493 | D:9      | Reached skill level 5 in Invocations
  5665 | D:9      | Reached XP level 10. HP: 76/80 MP: 17/17
  5819 | D:8      | Reached skill level 5 in Short Blades
  5819 | D:8      | Reached skill level 5 in Long Blades
  5819 | D:8      | Reached skill level 5 in Maces & Flails
  5819 | D:8      | Reached skill level 5 in Polearms
  5819 | D:8      | Reached skill level 5 in Staves
  5819 | D:8      | Reached skill level 5 in Ranged Weapons
  5819 | D:8      | Reached skill level 5 in Throwing
  5819 | D:8      | Reached skill level 5 in Stealth
  5819 | D:8      | Reached skill level 5 in Shields
  5819 | D:8      | Reached skill level 5 in Unarmed Combat
  5819 | D:8      | Reached skill level 5 in Spellcasting
  5819 | D:8      | Reached skill level 5 in Evocations
  5840 | D:8      | Reached ***** piety under Trog
  5845 | D:8      | Identified the +3 falchion "Dafoifat" {heavy, Str+3}
  6059 | D:7      | Found a hazy altar of Hepliaklqana.
  6308 | D:8      | Noticed a kobold demonologist
  6308 | D:8      | Noticed a deep elf pyromancer
  6311 | D:8      | Noticed a soul eater
  6326 | D:8      | Killed a kobold demonologist
  6332 | D:8      | Killed a deep elf pyromancer
  6474 | D:8      | Found Fyal's Antique Armour Boutique.
  6477 | D:8      | Bought an embroidered scarf for 248 gold pieces
  6568 | D:8      | Reached skill level 5 in Shapeshifting
  6605 | D:8      | Noticed a deep elf pyromancer
  6614 | D:8      | Killed a deep elf pyromancer
  6904 | D:9      | Noticed a kobold demonologist
  6905 | D:9      | Found an ancient bone altar of Kikubaaqudgha.
  6918 | D:9      | Killed a kobold demonologist
  6975 | D:9      | Received a gift from Trog
  7056 | D:9      | Found a radiant altar of Vehumet.
  7216 | D:9      | Reached XP level 11. HP: 87/87 MP: 19/19
  7223 | D:9      | Reached skill level 5 in Conjurations
  7223 | D:9      | Reached skill level 5 in Hexes
  7223 | D:9      | Reached skill level 5 in Summonings
  7223 | D:9      | Reached skill level 5 in Necromancy
  7223 | D:9      | Reached skill level 5 in Translocations
  7223 | D:9      | Reached skill level 5 in Transmutations
  7223 | D:9      | Reached skill level 5 in Fire Magic
  7223 | D:9      | Reached skill level 5 in Ice Magic
  7223 | D:9      | Reached skill level 5 in Air Magic
  7223 | D:9      | Reached skill level 5 in Earth Magic
  7223 | D:9      | Reached skill level 5 in Poison Magic
  7289 | D:9      | Noticed Psyche
  7300 | D:9      | Killed Psyche
  7635 | D:10     | Entered Level 10 of the Dungeon
  8065 | D:10     | Found a staircase to the Orcish Mines.
  8406 | D:10     | Received a gift from Trog
  9299 | Lair:1   | Entered Level 1 of the Lair of Beasts
  9486 | Lair:1   | Noticed Grum
  9500 | Lair:1   | Killed Grum
  9501 | Lair:1   | Reached XP level 12. HP: 34/96 MP: 22/22
 10561 | Lair:2   | Reached skill level 10 in Fighting
 10561 | Lair:2   | Reached skill level 10 in Axes
 10943 | Lair:2   | Found a staircase to the Swamp.
 10959 | Lair:2   | Gained mutation: You have a somewhat thin skeletal
                  | structure. (Dex +2, Stealth+) [potion of mutation]
 10959 | Lair:2   | Gained mutation: You have a pair of small horns on your
                  | head. [potion of mutation]
 10959 | Lair:2   | Gained mutation: You have supernaturally acute eyesight.
                  | (SInv) [potion of mutation]
 10959 | Lair:2   | Gained mutation: You are resistant to electric shocks.
                  | (rElec) [potion of mutation]
 11304 | Lair:2   | Found a staircase to the Snake Pit.
 12001 | Lair:3   | Found a frozen archway.
 12067 | IceCv    | Entered an ice cave
 12375 | IceCv    | Reached XP level 13. HP: 72/104 MP: 24/24
 12825 | IceCv    | Got the ring "Fesmutz" {Ice rN+ Int+3 Dex+2 Stlth-}
 13103 | IceCv    | Found a viscous altar of Jiyva.
 13103 | IceCv    | Noticed an azure jelly
 13108 | IceCv    | Killed an azure jelly
 13113 | IceCv    | Noticed an azure jelly
 13119 | IceCv    | Killed an azure jelly
 13182 | IceCv    | Got the ring of Rahash {Ice Dex+6}
 13186 | IceCv    | Got the ring of Lyinaq {rC+ Int+3}
 13353 | Lair:3   | Identified the +0 rapier of Stickiness {freeze, rF+}
 13602 | Lair:3   | Noticed Urug
 13616 | Lair:3   | Killed Urug
 13710 | Lair:3   | Found a radiant altar of Vehumet.
 13886 | Lair:3   | Noticed Fannar
 13902 | Lair:3   | Killed Fannar
 15133 | Lair:5   | Entered Level 5 of the Lair of Beasts
 15227 | Lair:5   | Found the +3 giant club "Skullcrusher" {speed, Str+7}
 15488 | Lair:5   | Reached skill level 10 in Armour
 15488 | Lair:5   | Reached skill level 10 in Dodging
 15887 | Lair:5   | Reached XP level 14. HP: 113/113 MP: 25/27
 15962 | Lair:5   | Identified the +3 war axe of Bicy {spect, rElec}
 16062 | Lair:5   | Reached skill level 10 in Invocations
 16846 | D:2      | Bought a lightning rod (4/4) for 480 gold pieces
 17737 | Lair:5   | Found a viscous altar of Jiyva.
 17737 | Lair:5   | Found a staircase to the Slime Pits.
 20237 | D:13     | Slain by an enormous slime creature

Illustrated notes

Levels and vault maps discovered:
D:1:      spicycebolla_arrival_ecumenical, layout_loops_cross,
          chequers_serial_rivers_micro_b
D:2:      layout_rooms, serial_shops, shop, grunt_ministairs_1
D:3:      minmay_razor_zed, layout_loops_cross, lemuel_crystal_altar,
          serial_shops, nicolae_shop_just_a_little_nook, shop,
          minmay_misc_feat_secret_circle, uniq_robin
D:4:      layout_loops_cross, mainiacjoe_overflow_six_doors_small,
          nicolae_qazlal_style_of_elements, serial_shops,
          nicolae_shop_tiny_real_fake_doors
D:5:      layout_basic, serial_aquarium, aquarium_bridge_long_joined
          [aquarium_subvault_bridge, aquarium_subvault_wall,
          aquarium_subvault_window, aquarium_subvault_wall,
          aquarium_subvault_bridge, aquarium_subvault_window],
          aquarium_window_2, aquarium_window_corner, aquarium_view_2d,
          aquarium_view_2a, aquarium_balcony_5a, aquarium_pool_2
D:6:      layout_rooms, fedhas_altar_2, nicolae_sif_muna_little_library,
          minmay_temple_entry_poolview
D:7:      layout_cave_pools, mainiacjoe_overflow_alcove_4
D:8:      layout_rooms, serial_shops, kennysheep_mini,
          serial_library_hellmonk_octagon
D:9:      wander_kiku_kobolds, layout_long_grid, nicolae_vehumet_radiance,
          uniq_psyche
D:10:     cheibrodos_statue_roulette, layout_long_grid,
          kennysheep_orc_monster_closet_entryway,
          serial_library_hellmonk_long_bookcase, nicolae_water_bricks,
          grunt_ministairs_2, hex_tiny
D:11:     layout_roguey, special_room [special_room_orc]
D:12:     layout_roguey
D:13:     layout_rooms, ximxim_vaults_locker_room
Lair:1:   layout_big_grid, uniq_grum
Lair:2:   layout_roguey, mainiacjoe_swamp_entry_lozenge_pond,
          nicolae_snake_entry_squirm
Lair:3:   layout_cave_pods, basic_altar, portal_ice_cave_entry_imps,
          minivault_19, infiniplex_staircase_pool_2, uniq_fannar, uniq_urug
Lair:4:   layout_gridlike
Lair:5:   minmay_lair_end_enchanted_forest, layout_hall_layers,
          nicolae_slime_entry_slimehenge, small_statue_intersection,
          grunt_forest_large_clearings

Skill      XL: |  1  2  3  4  5  6  7  8  9 10 11 12 13 14 |
---------------+-------------------------------------------+-----
Invocations    | 1 2 3 4 5 6 7 8 9 10 | 10.6
Short Blades   | 1 2 3 4 5 6 7 9 |  9.8
Long Blades    | 1 2 3 4 5 6 7 9 |  9.8
Maces & Flails | 1 2 3 4 5 6 7 9 |  9.8
Polearms       | 1 2 3 4 5 6 7 9 |  9.8
Staves         | 1 2 3 4 5 6 7 9 |  9.8
Ranged Weapons | 1 2 3 4 5 6 7 9 |  9.8
Throwing       | 1 2 3 4 5 6 7 9 |  9.8
Stealth        | 1 2 3 4 5 6 7 9 |  9.8
Shields        | 1 2 3 4 5 6 7 9 |  9.8
Unarmed Combat | 1 2 3 4 5 6 7 9 |  9.8
Spellcasting   | 1 2 3 4 5 6 7 9 |  9.8
Evocations     | 1 2 3 4 5 6 7 9 |  9.8
Shapeshifting  | 1 2 3 4 5 6 7 8 9 |  9.0
Conjurations   | 1 2 3 4 5 6 7 8 |  8.2
Hexes          | 1 2 3 4 5 6 7 8 |  8.2
Summonings     | 1 2 3 4 5 6 7 8 |  8.2
Necromancy     | 1 2 3 4 5 6 7 8 |  8.2
Translocations | 1 2 3 4 5 6 7 8 |  8.2
Transmutations | 1 2 3 4 5 6 7 8 |  8.2
Fire Magic     | 1 2 3 4 5 6 7 8 |  8.2
Ice Magic      | 1 2 3 4 5 6 7 8 |  8.2
Air Magic      | 1 2 3 4 5 6 7 8 |  8.2
Earth Magic    | 1 2 3 4 5 6 7 8 |  8.2
Poison Magic   | 1 2 3 4 5 6 7 8 |  8.2
Armour         | 5 6 7 8 9 10 | 10.8
Dodging        | 5 6 7 8 9 10 | 10.8
Fighting       | 7 8 9 10 11 | 11.7
Axes           | 7 8 9 10 11 | 11.7

Action                     |  1- 3 |  4- 6 |  7- 9 | 10-12 | 13-15 || total
---------------------------+-------+-------+-------+-------+-------++-------
  Melee: Hand axe          |   100 |   160 |       |       |       ||   260
         Bite              |     9 |    19 |    41 |    78 |    98 ||   245
         Punch             |     2 |     1 |     8 |       |    12 ||    23
         War axe           |       |    14 |   208 |     7 |   239 ||   468
         Dire flail        |       |       |    81 |   212 |   196 ||   489
         Battleaxe         |       |       |       |   364 |   187 ||   551
         Headbutt          |       |       |       |    22 |   165 ||   187
  Throw: Dart              |       |       |     7 |    10 |    78 ||    95
 Invoke: Berserk           |     2 |     2 |     7 |    15 |    14 ||    40
         Trog's Hand       |       |     1 |     1 |     3 |     7 ||    12
         Brothers in Arms  |       |       |       |       |     1 ||     1
  Evoke: Wand              |       |       |       |     8 |    23 ||    31
    Use: Scroll            |       |       |     5 |    12 |     8 ||    25
         Potion            |       |       |       |     2 |       ||     2
   Stab: Sleeping          |       |       |       |       |     8 ||     8
         Distracted        |       |       |       |       |     5 ||     5
 Armour: Animal skin       |    41 |     5 |       |       |       ||    46
         Ring mail         |       |    44 |       |       |       ||    44
         Scale mail        |       |    35 |    37 |       |       ||    72
         Chain mail        |       |       |   166 |   195 |   334 ||   695
         Plate armour      |       |       |       |   264 |    55 ||   319
  Dodge: Dodged            |    66 |   104 |   187 |   516 |   483 ||  1356

Table legend: (Time is in decaauts)
 A = Elapsed time spent in this place.
 B = Non-inter-level travel time spent in this place.
 C = Inter-level travel time spent in this place.
 D = Time resting spent in this place.
 E = Time spent auto-exploring this place.
 F = Levels seen in this place.
 G = Mean time per level.
                   A        B        C        D        E       F      G
               +--------+--------+--------+--------+--------+-----+--------+
         Total |  20651 |  19191 |   1460 |   2826 |  12394 |  19 | 1086.9 |
       Dungeon |  11810 |  11031 |    779 |    990 |   7744 |  13 |  908.5 |
          Lair |   7545 |   6865 |    680 |   1058 |   4479 |   5 | 1509.0 |
      Ice Cave |   1294 |   1294 |      0 |    777 |    170 |   1 | 1294.0 |
               +--------+--------+--------+--------+--------+-----+--------+

Top non-repeatable levels by time:
  Lair:5: 2220 daAuts
  Lair:2: 1847 daAuts
    D:10: 1590 daAuts
     D:9: 1492 daAuts
   IceCv: 1294 daAuts
  Lair:1: 1203 daAuts
  Lair:4: 1139 daAuts
  Lair:3: 1135 daAuts
     D:3: 1083 daAuts
     D:4: 973 daAuts
    D:12: 957 daAuts
     D:6: 918 daAuts
     D:8: 864 daAuts
     D:5: 800 daAuts
     D:1: 778 daAuts
